 Dungeon Crawl Stone Soup version 0.17-a0-1596-g1e86911 (webtiles) character file.

15628 urechis the Spear-Bearer (level 12, -1/100 HPs)
             Began as a Merfolk Ice Elementalist on July 31, 2015.
             Was an Elder of Yredelemnul.
             Slain by a sixfirhy (2 damage)
             ... summoned by a kobold demonologist
             ... on level 12 of the Dungeon.
             The game lasted 01:01:26 (15860 turns).

urechis the Spear-Bearer (MfIE)                    Turns: 15860, Time: 01:01:26

Health: -1/100     AC:  7    Str: 14    XL:     12   Next: 29%
Magic:  9/9        EV: 21    Int: 14    God:    Yredelemnul [****..]
Gold:   718        SH:  5    Dex: 16    Spells: 4 memorised, 5 levels left

rFire  x . .     SeeInvis +     e - +6 spear "Doqunn Dent" {antimagic, +Rage MP+9 SInv}
rCold  + + .     Clarity  .     R - +1 robe of the Shining Light {rC+ Regen+ Str+2}
rNeg   + . .     SustAt   .     g - +0 buckler
rPois  .         Gourm    .     L - +0 Maxwell's etheric cage {RegenMP *Contam rElec MP+4}
rElec  +         Spirit   .     k - +1 cloak
rCorr  .         Warding  +     O - +0 pair of gloves of Fiadayw {MR+}
rMut   .         Stasis   .     (no boots)
MR     +....                    y - amulet of warding
Stlth  ++........               s - +2 ring of slaying
                                n - ring of ice

@: about to teleport, very slightly contaminated, invisible, somewhat resistant
to hostile enchantments, unstealthy
A: change form in water, swift swim
a: Animate Dead, Recall Undead Slaves, Injury Mirror, Drain Life, Renounce
Religion, Evoke Berserk Rage


You were on level 12 of the Dungeon.
You worshipped Yredelemnul.
Yredelemnul was greatly pleased with you.
You were not hungry.

You visited 2 branches of the dungeon, and saw 13 of its levels.
You also visited: Labyrinth and Sewer.

You collected 718 gold pieces.

Inventory:

Hand weapons
 a - a +2 trident of freezing
 b - a +0 blowgun
 e - the +6 spear "Doqunn Dent" (weapon) {antimagic, +Rage MP+9 SInv}
   (You found it in a labyrinth)

   It disrupts the flow of magical energy around spellcasters and certain
   magical creatures (including the wielder).
   It affects your magic capacity (+9).
   It lets you see invisible.
   It lets you go berserk.
Missiles
 q - 61 poisoned needles
Armour
 g - a +0 buckler (worn)
 k - a +1 cloak (worn)
 L - the +0 Maxwell's etheric cage (worn) {RegenMP *Contam rElec MP+4}
   (You found it on level 7 of the Dungeon)

   It insulates you from electricity.
   It affects your magic capacity (+4).
   It causes magical contamination when unequipped.
 O - the +0 pair of gloves of Fiadayw (worn) {MR+}
   (You found it on level 9 of the Dungeon)

   It affects your resistance to hostile enchantments.
 R - the +1 robe of the Shining Light (worn) {rC+ Regen+ Str+2}
   (You took it off an orc on level 9 of the Dungeon)

   It affects your strength (+2).
   It protects you from cold.
   It increases your rate of regeneration.
Jewellery
 n - a ring of ice (left hand)
 s - a +2 ring of slaying (right hand)
 x - an uncursed ring of flight
 y - an amulet of warding (around neck)
 D - an uncursed ring of wizardry
 W - an uncursed ring of see invisible
Magical devices
 V - a wand of disintegration (10)
Scrolls
 i - 3 scrolls of blinking
 p - 7 scrolls of remove curse
 w - 3 scrolls of teleportation
 A - 3 scrolls of amnesia
 B - 3 scrolls of enchant armour
 E - 2 scrolls of magic mapping
 F - a scroll of immolation {unknown}
 G - a scroll of acquirement {unknown}
 M - a scroll of identify
 N - 2 scrolls of fog {unknown}
 S - a scroll of enchant weapon
 Z - a scroll of fear {unknown}
Potions
 h - 2 potions of resistance
 j - 3 potions of might
 l - a potion of mutation
 m - a potion of poison {unknown}
 o - a potion of curing
 r - 3 potions of cancellation
 t - 2 potions of flight
 u - 2 potions of heal wounds {unknown}
 z - a potion of lignification {unknown}
 C - 2 potions of agility {unknown}
 H - a potion of cure mutation {unknown}
 I - a potion of degeneration {unknown}
 P - a potion of ambrosia {unknown}
 Q - 3 potions of magic
 Y - 2 potions of beneficial mutation {unknown}
Books
 d - a book of Frost

   Spells                             Type                      Level
   a - Freeze                         Ice                          1
   b - Throw Frost                    Conjuration/Ice              2
   c - Ozocubu's Armour               Charms/Ice                   3
   d - Throw Icicle                   Conjuration/Ice              4
   e - Summon Ice Beast               Ice/Summoning                4
   f - Condensation Shield            Ice                          4
 K - Sif Muna's Guide on Combat Magic
   (You found it on level 7 of the Dungeon)

   Spells                             Type                      Level
   a - Flame Tongue                   Conjuration/Fire             1
 T - a book of Flames

   Spells                             Type                      Level
   a - Flame Tongue                   Conjuration/Fire             1
   b - Throw Flame                    Conjuration/Fire             2
   c - Conjure Flame                  Conjuration/Fire             3
   d - Inner Flame                    Hexes/Fire                   3
   e - Sticky Flame                   Conjuration/Fire             4
   f - Fireball                       Conjuration/Fire             5
 U - a book of Unlife

   Spells                             Type                      Level
   a - Recall                         Summoning/Translocation      3
   b - Animate Dead                   Necromancy                   4
   c - Control Undead                 Necromancy                   4
   d - Cigotuvi's Embrace             Necromancy                   5
   e - Death Channel                  Necromancy                   6
   f - Simulacrum                     Ice/Necromancy               6
 X - a book of Hinderance

   Spells                             Type                      Level
   a - Confusing Touch                Hexes                        2
   b - Confuse                        Hexes                        3
   c - Gell's Gravitas                Hexes/Translocation          3
   d - Petrify                        Transmutation/Earth          4
   e - Metabolic Englaciation         Hexes/Ice                    5
Comestibles
 c - 12 bread rations
 v - 6 meat rations


   Skills:
 - Level 11.5 Fighting
 - Level 14.1 Polearms
 - Level 13.5 Dodging
 - Level 2.1 Stealth
 + Level 3.2 Shields
 - Level 2.0 Spellcasting
 - Level 0.7 Conjurations
 - Level 8.0 Ice Magic


You had 5 spell levels left.
You knew the following spells:

 Your Spells              Type           Power        Failure   Level  Hunger
a - Freeze                Ice            ####         1%          1    ##.....
b - Throw Frost           Conj/Ice       ###...       10%         2    ###....
c - Condensation Shield   Ice            #####.....   12%         4    #####..
d - Ozocubu's Armour      Chrm/Ice       ###.....     17%         3    ####...


Dungeon Overview and Level Annotations

Branches:
Dungeon (12/15)            Temple (1/1) D:6            Lair (0/8) D:8
    Orc (0/4) D:12

Altars:
Ashenzari
Dithmenos
Elyvilon
Fedhas
Gozag
Kikubaaqudgha
Makhleb
Nemelex Xobeh
Okawaru
Qazlal
Ru
Sif Muna
Trog
Vehumet
Xom
Yredelemnul
Zin
The Shining One

Shops:
D:7 (   D:8 }   D:11 (

Portals:
Trove: D:10 (give 18 potions of curing)


Message History

Drink which item? (? for menu, Esc to quit)
You fade into invisibility!
The sixfirhy closely misses you. You block the sixfirhy's attack.
The sixfirhy misses you.
The kobold demonologist hits you but does no damage.
The sixfirhy hits you but does no damage.
The red devil closely misses you. The sixfirhy closely misses you.
You see here a bread ration.
Read which item? (? for menu, Esc to quit)
As you read the scroll of teleportation, it crumbles to dust.
You feel strangely unstable.
The kobold throws a stone.
The kobold demonologist picks up some gold.
The red devil hits you from afar with a trident.
* * * LOW HITPOINT WARNING * * *
The sixfirhy closely misses you. The sixfirhy hits you!
* * * LOW HITPOINT WARNING * * *
The sixfirhy shocks you. You resist.
You die...
Your body rises from the dead as a mindless zombie.

#......:....#
###...........#
..'...........###
##.......§≈..'o.
#...#####............###
............).......###
#.#.#####.K.#+###......#
.......##.4.#)# #......#
#......@4...#.###......#
.........%..)....J.....'
...........(#K####.....#
##.######.###.# ##....#
.. #.# #.# #....# . ...
..# #....# ##.#####
#....# #.# ##...# #.#
...#


You could see a kobold demonologist (wandering), a sixfirhy, a red devil and a
kobold.

Vanquished Creatures
  A minotaur (Lab)
  A hill giant (D:11)
  An ugly thing (D:11)
  2 cyclopes
  A centaur skeleton (D:10)
  3 gargoyles (Lab)
  6 trolls
  2 slime creatures (D:12)
  Prince Ribbit (D:5)
  A two-headed ogre (D:12)
  2 shadows (D:11)
  2 deep elf magi
  A spriggan (D:7)
  2 trapdoor spiders (Lab)
  3 wyverns
  2 wraiths (D:11)
  A yak (D:7)
  2 hungry ghosts
  Menkaure (D:7)
  2 hippogriffs
  A mottled dragon (D:12)
  Edmund (D:5)
  A water moccasin (D:9)
  2 porcupines
  11 ogres
  2 orc warriors
  2 sky beasts
  A black bear (D:6)
  2 ice beasts
  2 phantoms
  9 centaurs
  3 big kobolds
  Blork the orc (D:6)
  3 giant frogs
  A wyvern skeleton (D:9)
  A scorpion (D:10)
  11 wights
  A centaur zombie (D:8)
  4 lava snakes (Lab)
  3 giant frog zombies
  3 hounds
  6 crimson imps
  11 orc wizards
  A wasp zombie (D:12)
  Crazy Yiuf (D:5)
  5 iguanas
  10 orc priests
  2 gnoll shamans
  A jelly (D:9)
  3 giant frog skeletons
  4 yak simulacra (D:11)
  4 wolf simulacra (D:11)
  A killer bee zombie (D:8)
  4 sheep (D:8)
  7 worker ants
  A hound skeleton (D:4)
  11 gnolls
  12 adders
  6 river rats
  A shadow imp (D:12)
  An ooze (D:2)
  An adder skeleton (D:8)
  6 giant geckos
  39 orcs
  2 ball pythons (D:3)
  5 giant cockroaches
  14 hobgoblins
  10 jackals
  5 quokkas
  5 bats
  8 giant newts
  6 goblins
  19 kobolds
  A quokka skeleton (D:6)
  8 rats
  3 river rat simulacra (D:11)
326 creatures vanquished.

Vanquished Creatures (collateral kills)
  An unseen horror (D:12)
  A necromancer (D:11)
  A gargoyle (Lab)
  An orc warrior (D:12)
  An ice beast (D:8)
  2 wights (D:9)
  A crimson imp (D:11)
  An orc priest (D:9)
  A jelly (D:10)
  An orc wizard (D:11)
  2 gnolls
  2 orcs
  A quokka (D:8)
16 creatures vanquished.

Vanquished Creatures (others)
  A wyvern zombie (D:12)
  A cyclops zombie (D:12)
  A troll zombie (D:9)
  A hippogriff zombie (D:8)
  A wight (Lab)
  A giant frog zombie (D:12)
  An orc wizard (D:7)
  A mummy (D:12)
  A gnoll zombie (D:8)
  A jackal zombie (D:8)
  3 orc zombies (D:12)
13 creatures vanquished.

Grand Total: 355 creatures vanquished

Notes
Turn   | Place    | Note
--------------------------------------------------------------
     0 | D:1      | urechis the Merfolk Ice Elementalist began the quest for the Orb.
     0 | D:1      | Reached XP level 1. HP: 13/13 MP: 3/3
   394 | D:1      | Reached XP level 2. HP: 19/19 MP: 1/5
   437 | D:1      | Reached skill level 4 in Ice Magic
  1174 | D:1      | Reached XP level 3. HP: 22/24 MP: 4/6
  1446 | D:2      | Found a faded altar to an unknown god.
  1602 | D:2      | Reached skill level 5 in Ice Magic
  1732 | D:2      | Reached XP level 4. HP: 27/30 MP: 4/7
  1935 | D:2      | Found an opulent altar of Gozag.
  2472 | D:3      | Found a glowing drain.
  2497 | D:3      | Reached skill level 6 in Ice Magic
  2588 | Sewer    | Entered a sewer
  2590 | Sewer    | Reached XP level 5. HP: 35/35 MP: 6/8
  2896 | Sewer    | Noticed a big kobold
  2912 | Sewer    | Killed a big kobold
  2912 | Sewer    | Reached skill level 7 in Ice Magic
  3067 | Sewer    | Found a white marble altar of Elyvilon.
  3471 | D:4      | Reached XP level 6. HP: 37/41 MP: 4/9
  3909 | D:4      | Noticed an ogre
  3955 | D:4      | Killed an ogre
  3955 | D:4      | Reached skill level 8 in Ice Magic
  4315 | D:4      | Noticed an ogre
  4438 | D:4      | Killed an ogre
  4438 | D:4      | Reached skill level 1 in Fighting
  4438 | D:4      | Reached skill level 1 in Polearms
  4438 | D:4      | Reached XP level 7. HP: 37/48 MP: 5/10
  4985 | D:5      | Entered Level 5 of the Dungeon
  5036 | D:5      | Noticed Edmund
  5048 | D:5      | Killed Edmund
  5425 | D:5      | Noticed Prince Ribbit
  5429 | D:5      | Killed Prince Ribbit
  5429 | D:5      | Reached skill level 5 in Dodging
  5429 | D:5      | Reached XP level 8. HP: 18/58 MP: 6/11
  5641 | D:5      | Learned a level 2 spell: Throw Frost
  5646 | D:5      | Learned a level 4 spell: Condensation Shield
  5650 | D:5      | Learned a level 3 spell: Ozocubu's Armour
  6058 | D:5      | Reached skill level 5 in Polearms
  6556 | D:5      | Noticed Crazy Yiuf
  6564 | D:5      | Killed Crazy Yiuf
  6853 | D:6      | Found a sparkling altar of Nemelex Xobeh.
  6853 | D:6      | Found a radiant altar of Vehumet.
  7762 | D:6      | Noticed Blork the orc
  7785 | D:6      | Killed Blork the orc
  7785 | D:6      | Reached skill level 5 in Fighting
  8075 | D:6      | Reached XP level 9. HP: 57/68 MP: 8/12
  8350 | D:6      | Found a staircase to the Ecumenical Temple.
  8356 | Temple   | Entered the Ecumenical Temple
  8373 | Temple   | Became a worshipper of Yredelemnul the Dark
  9205 | D:7      | Noticed Menkaure
  9213 | D:7      | Killed Menkaure
  9248 | D:7      | Found Gupegad's Weapon Emporium.
  9298 | D:7      | Acquired Yredelemnul's first power
  9298 | D:7      | Reached skill level 9 in Polearms
  9470 | D:7      | Found an ancient bone altar of Kikubaaqudgha.
  9850 | D:7      | Found a deep blue altar of Sif Muna.
  9874 | D:7      | Identified Sif Muna's Guide on Combat Magic
  9999 | D:8      | Reached XP level 10. HP: 61/79 MP: 13/13
 10032 | D:7      | Reached skill level 10 in Polearms
 10886 | D:8      | Reached skill level 10 in Dodging
 10909 | D:8      | Found a staircase to the Lair.
 11240 | D:8      | Found a glowing golden altar of the Shining One.
 11274 | D:8      | Acquired Yredelemnul's second power
 11316 | D:8      | Found Teetan's Gadget Emporium.
 12128 | D:9      | Reached skill level 11 in Polearms
 12581 | D:9      | Got a warped robe
 12592 | D:9      | Identified the +1 robe of the Shining Light {rC+ Regen+ Str+2} (You took it off an orc on level 9 of the Dungeon)
 12745 | D:9      | Reached skill level 12 in Polearms
 12940 | D:9      | Acquired Yredelemnul's third power
 12968 | D:9      | Got a pair of smoking gloves
 12974 | D:9      | Identified the cursed +0 pair of gloves of Fiadayw {MR+} (You found it on level 9 of the Dungeon)
 13080 | D:9      | Found a sacrificial altar of Ru.
 13139 | D:10     | Entered Level 10 of the Dungeon
 13218 | D:10     | Reached XP level 11. HP: 72/89 MP: 7/14
 13593 | D:10     | Reached skill level 13 in Polearms
 13650 | D:10     | Found a portal to a secret trove of treasure.
 14222 | D:11     | Noticed a hill giant
 14316 | D:11     | Killed a hill giant
 14316 | D:11     | Reached skill level 10 in Fighting
 14316 | D:11     | Reached skill level 14 in Polearms
 14349 | D:11     | Found a deep blue altar of Sif Muna.
 14591 | D:11     | Noticed a necromancer
 14600 | D:11     | Killed a necromancer
 14705 | D:11     | Found Gic Zem's Weapon Shop.
 14930 | D:11     | Found a sacrificial altar of Ru.
 14993 | D:12     | Received a gift from Yredelemnul
 15084 | D:12     | Killed an unseen horror
 15084 | D:12     | Acquired Yredelemnul's fourth power
 15135 | D:12     | Found a labyrinth entrance.
 15158 | Lab      | Entered a labyrinth
 15179 | Lab      | Received a gift from Yredelemnul
 15342 | Lab      | Reached XP level 12. HP: 83/100 MP: 15/15
 15516 | Lab      | Noticed a minotaur
 15535 | Lab      | Killed a minotaur
 15613 | Lab      | Got a twisted spear
 15614 | Lab      | Identified the +6 spear "Doqunn Dent" {antimagic, +Rage MP+9 SInv} (You found it in a labyrinth)
 15707 | D:12     | Reached skill level 1 in Shields
 15721 | D:12     | Found a staircase to the Orcish Mines.
 15780 | D:12     | HP: 1/100 [orc warrior/short sword (10)]
 15860 | D:12     | HP: 1/100 [sixfirhy[a kobold demonologist] (8)]
 15860 | D:12     | Slain by a sixfirhy

Vault maps used:
D:1:      dpeg_arrival_morbid_curiosity, solitary_fountain
D:2:      overflow_temple_1_default, ecumenical_altar_2, first_bread
D:3:      nicolae_overflow_hidden_temple, portal_sewer_entry_a
D:4:      kennysheep_generic_room_4
D:5:      uniq_edmund, uniq_prince_ribbit1, uniq_crazy_yiuf_cottage
D:6:      black_bear_nest_1, gammafunk_temple_overflow_elements,
          minmay_temple_entry_enclosed_plants, uniq_blork_the_orc
D:7:      led_sif_book, lemuel_crystal_altar, serial_shops, shop, the_bakery,
          uniq_menkaure
D:8:      dpeg_lair_monsters, serial_shops, shop, serial_corexii_hall,
          corexii_hall_statues_t, corexii_hall_statues_s,
          nicolae_tso_carved_into_rock
D:9:      lemuel_crystal_altar
D:10:     enter_trove_2
D:11:     serial_column_ruins, column_ruins_hut_ruined, column_ruins_temple_hut,
          column_ruins_grid_1, column_ruins_open_tiny, column_ruins_grid_4,
          basic_altar, serial_shops, shop, eino_house_with_fridge
D:12:     orc_0_dummy, lab_entry_generic
Temple:   zaba_magenta_temple_12
Lab:      labyrinth_lava_lair, nicolae_lab_lava, lab_hedge, nicolae_lab_grate_2,
          lab_block, nicolae_lab_x, nicolae_lab_grate, nicolae_lab_blocks,
          nicolae_lab_arrow, nicolae_lab_flowing_pool
Sewer:    sewer_kobolds

Action                   |  1- 3 |  4- 6 |  7- 9 | 10-12 || total
-------------------------+-------+-------+-------+-------++-------
Melee: Unarmed           |     2 |       |       |       ||     2
       Dagger            |     6 |       |       |       ||     6
       Short sword       |    26 |    42 |    16 |       ||    84
       Spear             |       |       |   243 |   265 ||   508
       Trident           |       |       |       |   410 ||   410
 Fire: Blowgun           |       |       |       |     1 ||     1
 Cast: Freeze            |    52 |    97 |   148 |   191 ||   488
       Throw Frost       |       |       |     3 |     7 ||    10
       Ozocubu's Armour  |       |       |     4 |    10 ||    14
       Condensation Shie |       |       |     1 |     6 ||     7
Invok: Animate Remains   |       |       |       |     6 ||     6
       Recall Undead Sla |       |       |       |     2 ||     2
       Animate Dead      |       |       |       |     8 ||     8
 Abil: Evoke Flight      |       |       |       |     1 ||     1
  Use: Scroll            |     2 |     5 |     8 |     5 ||    20
       Potion            |       |       |       |     5 ||     5
 Stab: Sleeping          |     1 |       |     7 |     8 ||    16
       Fleeing           |       |       |     1 |       ||     1
       Distracted        |       |       |       |     5 ||     5
  Eat: Chunk             |     3 |     4 |    15 |    16 ||    38
       Meat ration       |       |     1 |     1 |     2 ||     4
       Pizza             |       |       |     2 |       ||     2
       Fruit             |       |       |       |     3 ||     3
       Royal jelly       |       |       |       |     2 ||     2
